 Dungeon Crawl Stone Soup version 0.28-a0-1613-gdaab1c2f9b (webtiles) character file.

Game seed: 16123438441269622974

79 flotson the Chopper (level 4, -3/34 HPs)
             Began as a Demonspawn Gladiator on Jan 22, 2022.
             Slain by a phantom (7 damage)
             ... on level 4 of the Dungeon.
             The game lasted 00:02:30 (2079 turns).

flotson the Chopper (Demonspawn Gladiator)          Turns: 2079, Time: 00:02:31

Health: -3/34      AC:  6    Str: 16    XL:     4   Next: 17%
Magic:  4/4        EV: 11    Int:  9    God:
Gold:   51         SH:  0    Dex: 15    Spells: 3/3 levels left

rFire   . . .      SeeInvis .   a - +0 war axe
rCold   . . .      Faith    .   (no shield)
rNeg    . . .      Spirit   .   m - +0 ring mail
rPois   .          Reflect  .   c - +0 helmet
rElec   .          Harm     .   (no cloak)
rCorr   .          Rampage  .   (no gloves)
Will    +....                   (no boots)
Stlth   +.........              (no amulet)
HPRegen 0.11/turn               g - ring of willpower
MPRegen 0.09/turn               (no ring)

@: no status effects
A: demonic guardian 1, ignite blood 1
a: no special abilities


You were on level 4 of the Dungeon.
You visited 1 branch of the dungeon, and saw 3 of its levels.

You collected 51 gold pieces.

Inventory:

Hand Weapons
 a - a +0 war axe (weapon)
 b - a +0 hunting sling
Missiles
 d - 3 throwing nets (quivered)
 j - 28 stones
Armour
 c - a +0 helmet (worn)
 m - a +0 ring mail (worn)
Jewellery
 g - a ring of willpower (left hand)
Scrolls
 e - 2 scrolls of identify {unknown}
 h - a scroll of magic mapping {unknown}
 l - a scroll of fog {unknown}
 n - a scroll of enchant armour {unknown}
Potions
 f - a potion of curing {unknown}
 i - a potion of resistance {unknown}
 k - a potion of brilliance {unknown}


   Skills:
 + Level 2.6 Fighting
 + Level 3.1 Axes
 + Level 2.3 Throwing
 + Level 1.3 Armour
 + Level 3.1 Dodging


You had 3 spell levels left.
You didn't know any spells.
Your spell library contained the following spells:

 Spells                   Type           Power      Damage    Failure   Level
 Animate Skeleton         Necr           0%         N/A       61%         1
 Apportation              Tloc           0%         N/A       61%         1
 Summon Small Mammal      Summ           0%         N/A       61%         1
 Portal Projectile        Hex/Tloc       0%         N/A       93%         3
 Blade Hands              Tmut           0%         N/A       100%        5
 Excruciating Wounds      Necr           0%         N/A       100%        5


Dungeon Overview and Level Annotations

Branches:
Dungeon (2/15)

Altars:
Gozag

Shops:
D:4 [


Innate Abilities, Weirdness & Mutations

A weak demonic guardian rushes to your aid.
Your demonic aura sometimes causes spilled blood to erupt in flames.


Message History

The phantom misses you.
You closely miss the phantom.
The phantom is severely damaged.
The phantom hits you!
A demonic guardian appears!
The phantom blinks!
You blink.
The phantom hits you but does no damage.
You hit the phantom.
The phantom is severely damaged.
The phantom closely misses you.
You miss the phantom.
The phantom is severely damaged.
The phantom hits you.
You hit the phantom but do no damage.
The phantom is severely damaged.
The phantom hits you but does no damage.
Your white imp gestures at the phantom.
The puff of frost hits the phantom.
The phantom resists.
You closely miss the phantom.
The phantom is almost destroyed.
The phantom hits you.
The phantom blinks!
You blink.
You closely miss the phantom.
The phantom is almost destroyed.
The phantom hits you but does no damage.
Your white imp gestures at the phantom.
The puff of frost hits the phantom.
The phantom completely resists.
You closely miss the phantom.
The phantom is almost destroyed.
The phantom misses you. The phantom barely misses you.
You hit the phantom but do no damage.
The phantom is almost destroyed.
The phantom hits you.
You completely miss the phantom.
The phantom is almost destroyed.
The phantom hits you!
* * * LOW HITPOINT WARNING * * *
The phantom blinks!
You blink.
You closely miss the phantom.
The phantom is almost destroyed.
The phantom hits you!
You die...

#.≈.§...§.≈.#
##.≈.###.#.≈.##
.....#...#.≈..####.#
###.≈.#._.#.5§......#
#(≈§#...#.≈.§#
##.≈.#.###.≈..#
#..≈.......≈.##
#..§≈≈≈≈≈≈≈≈..#
#.^......W@...#
#.#.#.....#.#.#
#∩..#.....#...#
###.#.....#.###
###.......#.######..
+...................
###....####.######..
#.........#
####.######


You could see a phantom (ally target) and a friendly white imp (summoned).

Vanquished Creatures
  2 adders (D:2)
  A dart slug (D:1)
  5 endoplasms
  4 giant cockroaches
  4 hobgoblins
  4 jackals (D:2)
  3 quokkas
  4 ball pythons (D:1)
  4 bats (D:1)
  5 frilled lizards
  10 goblins
  2 kobolds (D:1)
  3 rats
51 creatures vanquished.

Vanquished Creatures (collateral kills)
  A quokka (D:1)
  A rat (D:1)
2 creatures vanquished.

Vanquished Creatures (others)
  4 plants (D:1)
4 creatures vanquished.

Grand Total: 57 creatures vanquished

Notes
Turn   | Place    | Note
-------+----------+-------------------------------------------
     0 | D:1      | flotson the Demonspawn Gladiator began the quest for the
                  | Orb.
     0 | D:1      | Reached XP level 1. HP: 16/16 MP: 1/1
   307 | D:1      | Gained mutation: A weak demonic guardian rushes to your
                  | aid. [demonic ancestry]
   307 | D:1      | Reached XP level 2. HP: 22/22 MP: 2/2
   308 | D:1      | Found a faded altar of an unknown god.
   858 | D:1      | Gained mutation: Your demonic aura sometimes causes spilled
                  | blood to erupt in flames. [demonic ancestry]
   858 | D:1      | Reached XP level 3. HP: 26/28 MP: 3/3
  1053 | D:1      | Reached skill level 1 in Armour
  1654 | D:2      | Reached XP level 4. HP: 33/34 MP: 4/4
  2028 | D:2      | You fall into a shaft and drop 2 floors!
  2045 | D:4      | Found Aliatsaa's Armour Emporium.
  2051 | D:4      | Found an opulent altar of Gozag.
  2060 | D:4      | Noticed a phantom
  2079 | D:4      | Slain by a phantom

Illustrated notes

Levels and vault maps discovered:
D:1:      dpeg_arrival_tiny_a, layout_rooms,
          hellmonk_ecumenical_altar_leap_of_faith, serial_bayou_ford_a,
          minmay_small_reverse_x
D:2:      layout_loops_corners
D:4:      layout_loops_corners, mainiacjoe_overflow_brackets, serial_shops,
          shop, shop, nicolae_shop_window_shopping, nicolae_stop_n_shop_2,
          nicolae_shop_bloodbath_and_beyond, minivault_14, kennysheep_potato

Skill      XL: |  1  2  3 |
---------------+----------+-----
Throwing       | 2 |  2.3
Dodging        | 3 |  3.1
Axes           | 3 |  3.1
Armour         | 1 |  1.3
Fighting       | |  2.6

Action                   |  1- 3 |  4- 6 || total
-------------------------+-------+-------++-------
Melee: War axe           |   131 |    16 ||   147
       Punch             |     1 |       ||     1
 Fire: Hunting sling     |       |    36 ||    36
 Stab: Sleeping          |     1 |       ||     1
Armor: Leather armour    |    42 |       ||    42
       Ring mail         |    11 |     9 ||    20
Dodge: Dodged            |    89 |    14 ||   103

Table legend: (Time is in decaauts)
 A = Elapsed time spent in this place.
 B = Non-inter-level travel time spent in this place.
 C = Inter-level travel time spent in this place.
 D = Time resting spent in this place.
 E = Time spent auto-exploring this place.
 F = Levels seen in this place.
 G = Mean time per level.
                   A        B        C        D        E       F      G
               +--------+--------+--------+--------+--------+-----+--------+
         Total |   2137 |   2082 |     55 |      0 |   1685 |   3 |  712.3 |
       Dungeon |   2137 |   2082 |     55 |      0 |   1685 |   3 |  712.3 |
               +--------+--------+--------+--------+--------+-----+--------+

Top non-repeatable levels by time:
     D:1: 1316 daAuts
     D:2: 765 daAuts
     D:4: 55 daAuts
